 Dungeon Crawl Stone Soup version 0.28-a0-1638-g9123634e07 (webtiles) character file.

Game seed: 15399749701765420604

3087 mcsnuffy the Cleaver (level 9, 0/47 HPs)
             Began as a Vine Stalker Brigand on Jan 26, 2022.
             Was an Initiate of Gozag.
             Slain by a purple ugly thing (14 damage)
             ... on level 8 of the Dungeon.
             The game lasted 00:21:23 (7577 turns).

mcsnuffy the Cleaver (Vine Stalker Brigand)         Turns: 7577, Time: 00:21:24

Health: 0/47       AC:  9    Str: 18    XL:     9   Next: 89%
Magic:  0/10       EV: 13    Int: 11    God:    Gozag
Gold:   161        SH:  0    Dex: 16    Spells: 8/8 levels left

rFire   . . .      SeeInvis .   j - +2 short sword (venom)
rCold   . . .      Faith    .   (no shield)
rNeg    . . .      Spirit   +   h - +0 acid dragon scales
rPois   .          Reflect  .   (no helmet)
rElec   .          Harm     .   c - +0 cloak
rCorr   +          Rampage  .   i - +0 pair of gloves
Will    +....                   m - +0 pair of boots
Stlth   +++.......              (no amulet)
HPRegen 0.95/turn               (no ring)
MPRegen 0.12/turn               (no ring)

@: no status effects
A: fangs 3, regeneration 1, magic shield, antimagic bite, no potion heal 2
a: Renounce Religion, Potion Petition, Call Merchant, Bribe Branch


You were on level 8 of the Dungeon.
You worshipped Gozag.
Gozag was aware of your devotion.
You visited 2 branches of the dungeon, and saw 9 of its levels.
You also visited: Sewer.

You collected 275 gold pieces.
You spent 20 gold pieces at shops.
You paid 94 gold pieces to Gozag.


Innate Abilities, Weirdness & Mutations

You have razor-sharp teeth.
Your natural rate of healing is unusually fast.
When hurt, damage is shared between your health and your magic reserves.
Your bite disrupts and absorbs the magic of your enemies.
Potions cannot restore your health.


   Skills:
 - Level 5.0 Fighting
 - Level 3.3 Short Blades
 + Level 8.8 Axes
 - Level 1.7 Throwing
 - Level 5.0 Dodging
 - Level 7.0 Stealth


You had 8 spell levels left.
You didn't know any spells.
Your spell library contained the following spells:

 Spells                   Type           Power      Damage    Failure   Level
 Summon Small Mammal      Summ           0%         N/A       43%         1
 Call Canine Familiar     Summ           0%         N/A       80%         3
 Summon Guardian Golem    Hex/Summ       0%         N/A       80%         3
 Blade Hands              Tmut           0%         N/A       100%        5
 Irradiate                Conj/Tmut      0%         3d14      100%        5
 Dragon Form              Tmut           0%         N/A       100%        7

Inventory:

Hand Weapons
 a - a +2 dagger
 j - a +2 short sword of venom (weapon)
 p - a +2 executioner's axe of distortion
 y - the +4 short sword of Exquisite Torment {holy, rN+ rCorr Int-3 SInv Stlth+}
   (You found it on level 5 of the Dungeon)

   It has been blessed by the Shining One to cause great damage to the undead
   and demons.
   Int:       It affects your intelligence (-3).
   rN:        It protects you from negative energy.
   SInv:      It lets you see invisible.
   rCorr:     It protects you from acid and corrosion.
   Stlth:     It makes you more stealthy.
Missiles
 d - 19 poisoned darts
 e - a curare-tipped dart (quivered) {=f}
 n - a throwing net {=f}
Armour
 b - a +0 robe
 c - a +0 cloak (worn)
 h - +0 acid dragon scales (worn)
 i - a +0 pair of gloves (worn)
 m - a +0 pair of boots (worn)
 w - a +0 scale mail
Jewellery
 q - an amulet of faith {!P}
Wands
 l - a wand of iceblast (4)
 r - a wand of mindburst (17)
 x - a wand of charming (2)
Scrolls
 g - 3 scrolls of teleportation {@r2}
 k - 2 scrolls of immolation
 o - 2 scrolls of summoning {unknown}
 v - a scroll of fear {unknown}
 C - a scroll of blinking {unknown}
 D - a scroll of enchant weapon {unknown}
Potions
 f - a potion of ambrosia
 s - a potion of haste {@q3}
 t - 3 potions of curing {@q1}
 u - a potion of invisibility {unknown}
 z - a potion of flight {unknown}
 A - 2 potions of might
 B - a potion of heal wounds {unknown}

Dungeon Overview and Level Annotations

Branches:
Dungeon (8/15)             Temple (1/1) D:4            Lair (0/6) D:8
  Sewer (visited)

Altars:
Ashenzari
Cheibriados
Dithmenos
Elyvilon
Fedhas
Gozag
Hepliaklqana
Kikubaaqudgha
Makhleb
Nemelex Xobeh
Okawaru
Qazlal
Sif Muna
Uskayaw
Vehumet
Wu Jian
Xom
Zin
The Shining One
Jiyva

Shops:
D:3 ?   D:6 [ D:8

= ... #.# #.#
#.# ##.#####
#......# ####
#####
#..###.# #...
#...#####..#
#.###.## ##
#...@......#
#.....# ...
#..u######.#
#######
<..### ##S##
#.#
.....#####
#.# #.#
...#.....#
#.# #.# ####
#. #..##.#
#.# #.# #...
# #..##.##
#.# .# #.##
#..##..####.#
.. #.#
#..##.∩.....#
#.#


You could see a purple ugly thing (extremely poisoned) and a water moccasin.


Message History

The purple ugly thing engulfs you.
You hit the purple ugly thing.
The purple ugly thing looks even sicker.
The purple ugly thing is moderately wounded.
The purple ugly thing engulfs you!
You closely miss the purple ugly thing.
The purple ugly thing is moderately wounded.
The purple ugly thing engulfs you!!
* * * LOW HITPOINT WARNING * * *
You are too injured to fight recklessly!
Unknown command.
You hit the purple ugly thing.
The purple ugly thing looks as sick as possible!
The purple ugly thing is moderately wounded.
The purple ugly thing barely misses you.
You hit the purple ugly thing.
The purple ugly thing looks as sick as possible!
The purple ugly thing is moderately wounded.
The purple ugly thing engulfs you!
* * * LOW HITPOINT WARNING * * *
Unknown command.
The purple ugly thing engulfs you!
* * * LOW HITPOINT WARNING * * *
You hit the purple ugly thing but do no damage.
The purple ugly thing looks as sick as possible!
The purple ugly thing is heavily wounded.
The purple ugly thing engulfs you but does no damage.
The purple ugly thing engulfs you!
You die...
Your body crumbles into a pile of gold.

Skill      XL: |  1  2  3  4  5  6  7  8  9 |
---------------+----------------------------+-----
Short Blades   | 2 3 |  3.3
Stealth        | 5 6 7 |  7.0
Fighting       | 2 3 4 5 |  5.0
Axes           | 1 3 5 7 8 |  8.8
Dodging        | 2 5 |  5.0
Throwing       | |  1.7

Action                   |  1- 3 |  4- 6 |  7- 9 || total
-------------------------+-------+-------+-------++-------
Melee: Dagger            |    19 |       |       ||    19
       Bite              |     9 |    39 |    98 ||   146
       Short sword       |    61 |   177 |   291 ||   529
       Punch             |     1 |     1 |     3 ||     5
Throw: Dart              |     1 |     4 |     2 ||     7
  Use: Scroll            |       |     6 |     2 ||     8
 Stab: Sleeping          |    10 |     8 |    11 ||    29
       Distracted        |       |       |     2 ||     2
Armor: Robe              |    22 |    39 |       ||    61
       Acid dragon scale |       |     8 |   100 ||   108
Dodge: Dodged            |    42 |    74 |   158 ||   274

Levels and vault maps discovered:
D:1:      amcnicky_arrival_abandoned_market, layout_loops_corners
D:2:      layout_basic, shapermc_ecumenical_altar_petra, wad_floor_pattern_1
D:3:      layout_basic, xom_teletrap_fun, serial_shops,
          nicolae_shop_statue_plus, st_stairs_4, moated_statue
D:4:      layout_gridville, minmay_temple_entry_steel_oval,
          gup_sewer_entry_bowl, grunt_ministairs_5, minmay_stone_trees_small
D:5:      layout_layer_cave, cheibriados_altar_1, kennysheep_mini,
          nrook_mini_backslash, uniq_sigmund, uniq_menkaure
D:6:      layout_cave_pools, serial_shops, kennysheep_little_box,
          chequers_serial_rivers_small_b, minmay_holes,
          hangedman_decor_diamond_cutter, minmay_misc_feat_square
D:7:      layout_cave_pods, lightli_temple_of_fire, minmay_door_square
D:8:      layout_loops_ring, mainiacjoe_overflow_concentric_impassable,
          minitemple, lair_entry_dummy, serial_shops, shop
Temple:   pf_slime_end_temple

Notes
Turn   | Place    | Note
-------+----------+-------------------------------------------
     0 | D:1      | mcsnuffy the Vine Stalker Brigand began the quest for the
                  | Orb.
     0 | D:1      | Reached XP level 1. HP: 11/11 MP: 2/2
    93 | D:1      | Reached skill level 2 in Short Blades
   417 | D:1      | Reached skill level 5 in Stealth
   417 | D:1      | Reached XP level 2. HP: 15/15 MP: 3/3
   831 | D:1      | Reached XP level 3. HP: 17/18 MP: 4/4
  1681 | D:2      | Reached skill level 3 in Short Blades
  2067 | D:2      | Gained mutation: Your natural rate of healing is unusually
                  | fast. [Vine Stalker growth]
  2067 | D:2      | Reached XP level 4. HP: 23/23 MP: 3/5
  2227 | D:2      | Found a faded altar of an unknown god.
  2307 | D:3      | Reached skill level 2 in Fighting
  2338 | D:3      | Found Naumuh's Magic Scroll Boutique.
  2371 | D:3      | Bought a scroll of identify for 20 gold pieces
  2534 | D:3      | Found a shimmering altar of Xom.
  2766 | D:4      | Identified a scroll of acquirement
  2767 | D:4      | Acquired a +2 executioner's axe of distortion
  2917 | D:4      | Found a staircase to the Ecumenical Temple.
  2917 | D:4      | Noticed an ogre
  2946 | D:4      | Found a glowing drain.
  2950 | Sewer    | Entered a sewer
  2963 | Sewer    | Reached skill level 6 in Stealth
  3053 | Sewer    | Reached XP level 5. HP: 26/26 MP: 6/6
  3192 | Sewer    | Reached skill level 1 in Axes
  3236 | Sewer    | Reached skill level 3 in Fighting
  3236 | Sewer    | Reached XP level 6. HP: 18/32 MP: 2/7
  3242 | Sewer    | Reached skill level 2 in Axes
  3413 | D:4      | Reached skill level 7 in Stealth
  3643 | D:4      | Reached skill level 3 in Axes
  3643 | D:4      | Reached XP level 7. HP: 36/36 MP: 8/8
  3739 | Temple   | Entered the Ecumenical Temple
  3942 | D:4      | Reached skill level 4 in Axes
  4286 | D:5      | Entered Level 5 of the Dungeon
  4286 | D:5      | Found a snail-covered altar of Cheibriados.
  4344 | D:5      | Reached skill level 5 in Axes
  4358 | D:5      | Identified a +0 robe of resistance
  4490 | D:5      | Identified the +4 short sword of Exquisite Torment {holy,
                  | rN+ rCorr Int-3 SInv Stlth+}
  4513 | D:5      | Gained mutation: You have razor-sharp teeth. [Vine Stalker
                  | growth]
  4513 | D:5      | Reached XP level 8. HP: 38/40 MP: 7/9
  4543 | D:5      | Noticed Sigmund
  4561 | D:5      | Killed Sigmund
  4562 | D:5      | Reached skill level 6 in Axes
  4799 | D:5      | Reached skill level 7 in Axes
  4799 | D:5      | Reached skill level 1 in Dodging
  4921 | D:5      | Noticed Menkaure
  4929 | D:5      | Killed Menkaure
  5157 | D:5      | Found a hide-covered altar of Uskayaw.
  5174 | D:5      | Reached skill level 2 in Dodging
  5669 | D:6      | Noticed a purple ugly thing
  5712 | D:6      | Reached skill level 4 in Fighting
  5825 | D:6      | Reached XP level 9. HP: 45/45 MP: 10/10
  5924 | D:6      | Reached skill level 3 in Dodging
  6180 | D:6      | Reached skill level 5 in Fighting
  6180 | D:6      | Reached skill level 8 in Axes
  6206 | D:6      | Found Geunkoaw's Armour Shop.
  6535 | D:7      | Reached skill level 4 in Dodging
  7310 | D:7      | Found a burning altar of Makhleb.
  7391 | D:8      | Found a staircase to the Lair.
  7401 | D:8      | Reached skill level 5 in Dodging
  7402 | D:8      | Found a radiant altar of Vehumet.
  7403 | D:8      | Found a stormy altar of Qazlal.
  7405 | D:8      | Found an ornate altar of the Wu Jian Council.
  7407 | D:8      | Found an opulent altar of Gozag.
  7410 | D:8      | Became a worshipper of Gozag Ym Sagoz the Greedy
  7533 | D:8      | Found Haq Dil's Jewellery Emporium.
  7565 | D:8      | HP: 2/47 [purple ugly thing (11)]
  7577 | D:8      | Slain by a purple ugly thing

Vanquished Creatures
  Sigmund (D:5)
  A wyvern (D:7)
  Menkaure (D:5)
  A water moccasin (D:7)
  3 sky beasts (D:6)
  A necrophage (D:5)
  3 centaurs
  An ogre (D:4)
  2 phantoms (D:6)
  A kobold brigand (D:7)
  3 bullfrogs
  4 scorpions
  A wyvern zombie (D:5)
  3 wights (D:6)
  2 centaur zombies
  6 orc priests
  3 hounds
  A jelly (D:5)
  5 iguanas
  6 orc wizards
  A hound skeleton (D:5)
  A howler monkey zombie (D:8)
  9 adders
  8 gnolls (D:4)
  A white imp (D:7)
  2 ufetubi (D:5)
  An adder zombie (D:5)
  3 worms (D:2)
  A dart slug (D:4)
  11 orcs
  14 endoplasms
  9 giant cockroaches
  5 goblins
  9 hobgoblins
  7 jackals (D:1)
  12 kobolds
  15 quokkas
  9 ball pythons
  2 bats (D:3)
  11 frilled lizards
  11 rats
191 creatures vanquished.

Vanquished Creatures (others)
  A sky beast (D:7)
  3 plants (D:2)
4 creatures vanquished.

Grand Total: 195 creatures vanquished

Table legend: (Time is in decaauts)
 A = Elapsed time spent in this place.
 B = Non-inter-level travel time spent in this place.
 C = Inter-level travel time spent in this place.
 D = Time resting spent in this place.
 E = Time spent auto-exploring this place.
 F = Levels seen in this place.
 G = Mean time per level.
                   A        B        C        D        E       F      G
               +--------+--------+--------+--------+--------+-----+--------+
         Total |   7613 |   7335 |    278 |    306 |   5172 |  10 |  761.3 |
       Dungeon |   7008 |   6755 |    253 |    263 |   4990 |   8 |  876.0 |
        Temple |    159 |    134 |     25 |      0 |    123 |   1 |  159.0 |
         Sewer |    445 |    445 |      0 |     43 |     58 |   1 |  445.0 |
               +--------+--------+--------+--------+--------+-----+--------+

Top non-repeatable levels by time:
     D:5: 1458 daAuts
     D:1: 1262 daAuts
     D:2: 997 daAuts
     D:4: 982 daAuts
     D:7: 887 daAuts
     D:6: 706 daAuts
     D:3: 496 daAuts
   Sewer: 445 daAuts
     D:8: 217 daAuts
  Temple: 159 daAuts

Table legend:
 A = Non-vault XP
 B = Vault XP
 C = Vault XP percentage of total XP
 D = Non-vault monster count
 E = Vault monster count
 F = Vault count percentage of total count
                 A         B        C        D         E       F
            +---------+---------+-------+---------+---------+-------
      Total |    3645 |     765 |  17.3 |     142 |      50 |  26.0
            +---------+---------+-------+---------+---------+-------
        D:1 |      39 |       0 |   0.0 |      21 |       0 |   0.0
        D:2 |      56 |       0 |   0.0 |      20 |       0 |   0.0
        D:3 |      22 |       2 |   8.3 |      14 |       2 |  12.5
        D:4 |     366 |      95 |  20.6 |      23 |       6 |  20.7
        D:5 |     884 |     392 |  30.7 |      24 |       2 |   7.7
        D:6 |    1325 |       0 |   0.0 |      22 |       0 |   0.0
        D:7 |     934 |       0 |   0.0 |      16 |       0 |   0.0
        D:8 |      19 |       0 |   0.0 |       2 |       0 |   0.0
      Sewer |       0 |     276 | 100.0 |       0 |      40 | 100.0
            +---------+---------+-------+---------+---------+-------
